 Dungeon Crawl Stone Soup version 0.23-a0-619-g281719c (webtiles) character file.

10238 Lavandula the Carver (level 11, -20/71 HPs)
             Began as a Halfling Enchanter on Dec 22, 2018.
             Was a Believer of Vehumet.
             Demolished by a death yak simulacrum (38 damage)
             ... in an ice cave.
             The game lasted 00:48:32 (9024 turns).

Lavandula the Carver (Halfling Enchanter)           Turns: 9024, Time: 00:48:32

Health: -20/71     AC: 10    Str:  9    XL:     11   Next: 89%
Magic:  5/14       EV: 27    Int: 14    God:    Vehumet [**....]
Gold:   139        SH:  8    Dex: 23    Spells: 0/14 levels left

rFire    + . .     SeeInvis .   w - +1 scimitar (flame)
rCold    . . .     Gourm    .   C - +0 buckler
rNeg     . . .     Faith    .   k - +2 robe {rF+}
rPois    .         Spirit   .   (no helmet)
rElec    .         Reflect  .   y - +0 cloak
rCorr    .         Harm     .   z - +1 pair of gloves
MR       +....                  O - +2 pair of boots {run}
Stlth    ++++......             l - amulet of regeneration
HPRegen  0.61/turn              c - ring of wizardry
MPRegen  0.14/turn              G - ring of protection from magic

@: agile, hasted, very quick
A: small, agile 1, dopey 1, mutation resistance 1
a: Renounce Religion


You were in an ice cave.
You worshipped Vehumet.
Vehumet was pleased with you.
You were very hungry.

You visited 3 branches of the dungeon, and saw 14 of its levels.
You also visited: Ice Cave and Volcano.

You collected 559 gold pieces.
You spent 420 gold pieces at shops.

Inventory:

Hand Weapons
 a - a +0 blowgun
 g - a +2 vampiric dagger
 q - a +2 dagger of draining
 w - a +1 scimitar of flaming (weapon)
 J - a +1 scimitar of holy wrath
 L - a +3 dagger
 P - a +1 dagger of venom
Missiles
 m - 172 sling bullets
 n - 4 poisoned needles
 v - 3 steel tomahawks (quivered)
 F - a throwing net
Armour
 k - a +2 robe of fire resistance (worn)
 r - the +1 pair of boots of Weightlessness {Int+5}
   (You found it on level 8 of the Dungeon)

   It affects your intelligence (+5).
 y - a +0 cloak (worn)
 z - a +1 pair of gloves (worn)
 C - a +0 buckler (worn)
 O - a +2 pair of boots of running (worn)
Jewellery
 c - a ring of wizardry (left hand)
 l - an amulet of regeneration (around neck)
 E - a +2 ring of dexterity
 G - a ring of protection from magic (right hand)
 Q - an uncursed ring of positive energy
Wands
 h - a wand of enslavement (6)
 j - a wand of polymorph (10)
 A - a wand of digging (4)
 I - a wand of random effects (11)
Scrolls
 o - 2 scrolls of remove curse
 p - a scroll of enchant weapon
 s - 4 scrolls of teleportation
 B - a scroll of holy word
 N - a scroll of fog {unknown}
Potions
 b - a potion of brilliance
 e - 2 potions of mutation
 f - 3 potions of agility
 x - 2 potions of flight
 D - a potion of lignification
 M - 2 potions of invisibility
Comestibles
 d - 19 rations
 K - 9 chunks of flesh


   Skills:
 - Level 5.1 Fighting
 - Level 10.2(12.9) Short Blades
 + Level 11.1(12.2) Long Blades
 - Level 8.2 Dodging
 - Level 3.6 Stealth
 - Level 6.1 Shields
 - Level 2.0 Spellcasting
 - Level 2.5 Hexes


You couldn't memorise any spells.
You knew the following spells:

 Your Spells              Type           Power        Failure   Level  Hunger
a - Corona                Hex            #......      3%          1    ##.....
b - Ensorcelled Hibernat  Hex/Ice        #.....       9%          2    ###....
c - Confuse               Hex            #.......     11%         3    ####...
d - Dazzling Spray        Conj/Hex       #.....       16%         3    ####...
e - Tukima's Dance        Hex            #.......     11%         3    ####...
f - Animate Skeleton      Necr           N/A          10%         1    ##.....
g - Apportation           Tloc           #.....       10%         1    ##.....

Your spell library contained the following spells:

 Spells                   Type           Power        Failure   Level  Hunger
 Inner Flame              Hex/Fire       #.......     16%         3    ####...
 Confusing Touch          Hex            #.....       3%          1    ##.....
 Summon Small Mammal      Summ           #...         10%         1    ##.....


Dungeon Overview and Level Annotations

Branches:
Dungeon (11/15)            Temple (1/1) D:7            Lair (2/6) D:8
  Swamp: Lair:2-4    Shoals: Lair:2-4     Snake: Lair:2-4    Spider: Lair:2-4
    Orc: D:9-12

Altars:
Ashenzari
Cheibriados
Dithmenos
Elyvilon
Fedhas
Gozag
Hepliaklqana
Kikubaaqudgha
Makhleb
Nemelex Xobeh
Qazlal
Ru
Trog
Vehumet
Wu Jian
Xom
Yredelemnul
The Shining One

Shops:
D:4 =

Annotations:
Lair:2 spider


Innate Abilities, Weirdness & Mutations

You are small and have problems with some larger weapons.
You are somewhat resistant to further mutation.
You are agile. (Dex +2)
You are dopey. (Int -2)


Message History

The alligator simulacrum misses you.
Unknown command.
You feel better.
You block the alligator simulacrum's attack.
The alligator simulacrum barely misses you.
The death yak simulacrum misses you.
Unknown command.
It was a potion of heal wounds.
You feel much better. The alligator simulacrum bites you.
The alligator simulacrum freezes you!!
* * * LOW HITPOINT WARNING * * *
The alligator simulacrum misses you. The death yak simulacrum misses you.
Unknown command.
It was a potion of haste.
You feel yourself speed up.
The alligator simulacrum closely misses you.
The alligator simulacrum completely misses you.
The death yak simulacrum gores you.
* * * LOW HITPOINT WARNING * * *
The death yak simulacrum freezes you!!!
Ouch! That really hurt!
You die...

#####
##...##
##..∩..##
#.....Z@#
#...∩.Z.#
##.....##
##...##
#...#
##...
#.ZZ#
...##
..##


You could see an alligator simulacrum and a death yak simulacrum.

Vanquished Creatures
  Erica (D:8)
  2 two-headed ogres
  A sun demon (Volcano)
  A lindwurm (Lair:1)
  An orc sorcerer (Volcano)
  An ugly thing (Volcano)
  A molten gargoyle (Volcano)
  2 red devils (Volcano)
  A meliai zombie (D:8)
  A hippogriff (D:10)
  2 wyverns (D:10)
  3 yaks (Lair:1)
  A porcupine (Lair:1)
  An orc warrior (D:8)
  3 sky beasts
  9 ice beasts
  2 phantoms
  9 ogres
  4 centaurs
  3 crocodiles (Lair:1)
  A big kobold (D:10)
  Blork the orc (D:6)
  5 bullfrogs
  A gnoll sergeant (D:8)
  2 scorpions
  A water moccasin skeleton (D:4)
  2 howler monkeys
  4 crimson imps
  A lava snake (Volcano)
  2 hounds
  4 orc priests
  A centaur skeleton (D:9)
  A bullfrog skeleton (D:6)
  Jessica (D:2)
  2 iguanas
  12 orc wizards
  A worker ant (D:9)
  A hound skeleton (D:4)
  13 gnolls
  A howler monkey skeleton (D:7)
  10 adders
  4 adder skeletons
  3 worms
  6 dart slugs
  3 leopard geckos
  31 orcs
  2 ball pythons
  8 giant cockroaches
  2 gnoll zombies (D:6)
  5 goblins
  8 hobgoblins
  15 jackals
  12 kobolds
  A quokka (D:2)
  12 bats
  5 frilled lizards
  A leopard gecko skeleton (D:6)
  13 rats
247 creatures vanquished.

Vanquished Creatures (others)
  An ugly thing (Volcano)
  A bush (D:8)
  A plant (Lair:1)
3 creatures vanquished.

Grand Total: 250 creatures vanquished

Notes
Turn   | Place    | Note
-------+----------+-------------------------------------------
     0 | D:1      | Lavandula the Halfling Enchanter began the quest for the
                  | Orb.
     0 | D:1      | Reached XP level 1. HP: 11/11 MP: 3/3
   101 | D:1      | Reached XP level 2. HP: 9/17 MP: 2/4
   105 | D:1      | Learned a level 2 spell: Ensorcelled Hibernation
   473 | D:1      | Reached XP level 3. HP: 19/21 MP: 5/5
   718 | D:2      | Noticed an ogre
   727 | D:2      | Killed an ogre
   727 | D:2      | Reached skill level 5 in Short Blades
   727 | D:2      | Reached XP level 4. HP: 27/27 MP: 6/6
   727 | D:2      | Reached XP level 5. HP: 31/31 MP: 7/7
   732 | D:2      | Learned a level 3 spell: Confuse
   820 | D:2      | Noticed Jessica
   824 | D:2      | Killed Jessica
  1028 | D:2      | Reached XP level 6. HP: 30/36 MP: 3/8
  2276 | D:4      | Found Saicsix's Jewellery Shoppe.
  2276 | D:4      | Noticed an ogre
  2281 | D:4      | Killed an ogre
  2281 | D:4      | Reached XP level 7. HP: 41/41 MP: 6/9
  2843 | D:3      | Found a snail-covered altar of Cheibriados.
  2843 | D:3      | Found a white marble altar of Elyvilon.
  2929 | D:3      | Found a glowing golden altar of the Shining One.
  3043 | D:4      | Learned a level 3 spell: Dazzling Spray
  3174 | D:5      | Entered Level 5 of the Dungeon
  3736 | D:4      | Found a sparkling altar of Nemelex Xobeh.
  3742 | D:4      | Reached XP level 8. HP: 46/46 MP: 5/10
  3838 | D:5      | Reached skill level 5 in Dodging
  3894 | D:6      | Reached skill level 1 in Fighting
  4653 | D:6      | Noticed Blork the orc
  4673 | D:6      | Reached skill level 10 in Short Blades
  4700 | D:6      | Killed Blork the orc
  4700 | D:6      | Reached XP level 9. HP: 52/55 MP: 6/12
  4766 | D:6      | Found a basalt altar of Yredelemnul.
  5114 | D:7      | Found a shimmering altar of Xom.
  5350 | D:7      | Reached skill level 5 in Fighting
  5424 | D:7      | Found a staircase to the Ecumenical Temple.
  5433 | Temple   | Entered the Ecumenical Temple
  5539 | Temple   | Became a worshipper of Vehumet
  5633 | D:8      | Identified the +7 hunting sling of Fortitude {freeze, rF+
                  | MR- Int+6}
  5955 | D:8      | Got a pair of transparent boots
  5961 | D:8      | Identified the +1 pair of boots of Weightlessness {Int+5}
                  | (You found it on level 8 of the Dungeon)
  5965 | D:8      | Learned a level 3 spell: Tukima's Dance
  5985 | D:8      | Noticed Erica
  6203 | D:8      | Killed Erica
  6279 | D:8      | Reached skill level 1 in Long Blades
  6302 | D:8      | Reached XP level 10. HP: 66/66 MP: 5/13
  6326 | D:8      | Reached skill level 2 in Long Blades
  6400 | D:8      | Reached skill level 3 in Long Blades
  6522 | D:9      | Reached skill level 4 in Long Blades
  6620 | D:8      | Reached skill level 5 in Long Blades
  6645 | D:8      | Found a staircase to the Lair.
  6657 | D:8      | Reached * piety under Vehumet
  6657 | D:8      | Offered knowledge of Magic Dart by Vehumet.
  6702 | Lair:1   | Entered Level 1 of the Lair of Beasts
  6755 | Lair:1   | Reached skill level 1 in Shields
  6883 | Lair:1   | Noticed a lindwurm
  6883 | Lair:1   | Found a dark tunnel.
  6890 | Lair:1   | Killed a lindwurm
  6954 | Volcano  | Entered a volcano
  6997 | Volcano  | Found a burning altar of Makhleb.
  6997 | Volcano  | Noticed a red ugly thing
  6997 | Volcano  | Noticed a sun demon
  6997 | Volcano  | Noticed a red ugly thing
  7014 | Volcano  | Killed a sun demon
  7023 | Volcano  | Killed a green ugly thing
  7023 | Volcano  | Reached skill level 6 in Long Blades
  7029 | Volcano  | Noticed an orc sorcerer
  7038 | Volcano  | Paralysed by an orc sorcerer for 2 turns
  7049 | Volcano  | Killed an orc sorcerer
  7049 | Volcano  | Reached XP level 11. HP: 71/71 MP: 8/14
  7092 | Volcano  | Reached skill level 7 in Long Blades
  7377 | Lair:1   | Reached skill level 8 in Long Blades
  7755 | D:4      | Bought an uncursed amulet of regeneration for 420 gold
                  | pieces
  8060 | D:9      | Reached skill level 9 in Long Blades
  8166 | D:9      | Noticed a two-headed ogre
  8272 | D:9      | Killed a two-headed ogre
  8299 | D:10     | Entered Level 10 of the Dungeon
  8364 | D:10     | Reached ** piety under Vehumet
  8364 | D:10     | Offered knowledge of Flame Tongue by Vehumet.
  8471 | D:10     | Identified a +1 pair of boots of running (You found it on
                  | level 10 of the Dungeon)
  8591 | D:10     | Noticed a two-headed ogre
  8610 | D:10     | Killed a two-headed ogre
  8610 | D:10     | Reached skill level 10 in Long Blades
  8882 | D:10     | Learned a level 1 spell: Apportation
  8884 | D:10     | Learned a level 1 spell: Animate Skeleton
  8944 | D:11     | Found a frozen archway.
  8963 | D:11     | Offered knowledge of Inner Flame by Vehumet.
  8969 | D:11     | Reached skill level 11 in Long Blades
  9005 | IceCv    | Entered an ice cave
  9021 | IceCv    | Gained mutation: You are agile. (Dex +2) [potion of
                  | mutation]
  9021 | IceCv    | Gained mutation: You are dopey. (Int -2) [potion of
                  | mutation]
  9024 | IceCv    | Demolished by a death yak simulacrum

Vault maps used:
D:1:      lightli_molten_gateway
D:2:      uniq_jessica
D:3:      tso_metal_star, minitemple, gammafunk_ghost_nasty_kobolds
D:4:      lemuel_crystal_altar, serial_shops, nicolae_shop_waterfront,
          gammafunk_ghost_necromancy, kennysheep_donut, dk_noncrumbling_4,
          nrook_mini_backslash, elyvilon_altar_3
D:5:      first_ration
D:6:      lemuel_zombie_altar_yredelemnul, minivault_24, uniq_blork_the_orc
D:7:      tgw_xom, chequers_temple_overflow_minitemple, temple_hall,
          grunt_ogre_cave, minmay_stone_trees_medium
D:8:      lair_entry_dummy, serial_corexii_hall, corexii_hall_statues_l,
          corexii_hall_statues_x, corexii_hall_statues_l,
          kb_lookout_dungeons_type, item_on_display_a, uniq_erica
D:10:     minmay_bent
D:11:     cheibrodos_shockbox, portal_ice_cave_entry_ice_beasts,
          minmay_mirror_moons_of_madness
Temple:   nicolae_temple_hex_pool
Lair:1:   nicolae_volcano_entry_vermiform, serial_bayou_shore_b,
          minmay_lair_oklob_chamber
Lair:2:   spider_nest_entry_web_field, gammafunk_ghost_necromancy,
          serial_bayou_shore_b, lemuel_fruit_tree, uniq_gastronok
IceCv:    ice_cave_small_necro
Volcano:  volcano_lake

Skill      XL: |  1  2  3  4  5  6  7  8  9 10 11 |
---------------+----------------------------------+-----
Short Blades   | 2 5 6 7 8 10 | 10.2
Dodging        | 4 5 8 |  8.2
Fighting       | 2 5 |  5.1
Spellcasting   | 2 |  2.0
Long Blades    | 1 6 11 | 11.1
Shields        | 6 |  6.1
Stealth        | |  3.6
Hexes          | |  2.5

Action                   |  1- 3 |  4- 6 |  7- 9 | 10-12 || total
-------------------------+-------+-------+-------+-------++-------
Melee: Dagger            |    70 |   189 |   370 |   493 ||  1122
       Scimitar          |       |       |       |    29 ||    29
Throw: Tomahawk          |       |       |     2 |       ||     2
 Cast: Corona            |    13 |     8 |     1 |       ||    22
       Ensorcelled Hiber |     2 |    27 |    69 |    45 ||   143
       Dazzling Spray    |       |       |    14 |    36 ||    50
       Confuse           |       |       |     1 |    13 ||    14
Evoke: Wand              |       |     5 |     3 |     4 ||    12
  Use: Potion            |       |     1 |     7 |     7 ||    15
       Scroll            |       |       |       |    14 ||    14
 Stab: Sleeping          |     9 |    21 |    30 |    18 ||    78
       Invisible         |       |       |     3 |    24 ||    27
       Confused          |       |       |       |     6 ||     6
  Eat: Chunk             |       |     7 |    18 |    13 ||    38
       Ration            |       |       |     2 |     4 ||     6
Armor: Robe              |    17 |    18 |    29 |    41 ||   105
Dodge: Dodged            |    65 |   113 |   198 |   312 ||   688
Block: Buckler           |       |       |       |   107 ||   107
       Rpst.: Scimitar   |       |       |       |     6 ||     6

Table legend:
 A = Non-vault XP
 B = Vault XP
 C = Vault XP percentage of total XP
 D = Non-vault monster count
 E = Vault monster count
 F = Vault count percentage of total count
                 A         B        C        D         E       F
            +---------+---------+-------+---------+---------+-------
      Total |    8246 |    6381 |  43.6 |     214 |      33 |  13.4
            +---------+---------+-------+---------+---------+-------
        D:1 |      37 |       0 |   0.0 |      21 |       0 |   0.0
        D:2 |     256 |      37 |  12.6 |      28 |       1 |   3.4
        D:3 |     171 |       0 |   0.0 |      32 |       0 |   0.0
        D:4 |     602 |       0 |   0.0 |      25 |       0 |   0.0
        D:5 |     119 |       0 |   0.0 |       4 |       0 |   0.0
        D:6 |     737 |     100 |  11.9 |      19 |       3 |  13.6
        D:7 |     555 |     144 |  20.6 |      15 |       7 |  31.8
        D:8 |    1043 |    1059 |  50.4 |      21 |       2 |   8.7
        D:9 |    1447 |       0 |   0.0 |      13 |       0 |   0.0
       D:10 |    2108 |     452 |  17.7 |      27 |       4 |  12.9
       D:11 |       3 |    1057 |  99.7 |       1 |       8 |  88.9
     Lair:1 |    1168 |     658 |  36.0 |       8 |       1 |  11.1
    Volcano |       0 |    2874 | 100.0 |       0 |       7 | 100.0
            +---------+---------+-------+---------+---------+-------
